AoeStats
← xgandjax38

Arabia

510428249Analyzed
2v2 RM · 1d ago on Oct 1, 2026· 121m 58s· 4 players
Game mode
Random Map
Map size
Medium (4 player)
Population
200
Speed
Normal
Resources
Standard
Victory
Conquest
Starting age
Dark Age
Ending age
Imperial Age
RankedLock teamsTeams togetherTeam positionsShared explorationLock speedFull tech treeHidden civsTurbo modeCheats
Victory
Defeat
🇺🇸 Byzantines · United States
504
+13
🇬🇷 Persians · Greece
447
+15
🇫🇷 Persians · France
549
-24
🇫🇷 Khmer · France
315
-10
Dream
0:27 Loom
13:52 Feudal Age
14:16 Town Watch
14:40 Double-Bit Axe
15:26 Horse Collar
19:08 Wheelbarrow
20:47 Bloodlines
22:08 Scale Barding Armor
22:04 Scale Mail Armor
22:05 Padded Archer Armor
21:55 Fletching
22:16 Forging
27:36 Castle Age
25:44 Stone Mining
25:48 Gold Mining
28:21 Husbandry
27:42 Light Cavalry
30:16 Chain Barding Armor
30:12 Chain Mail Armor
30:33 Iron Casting
32:06 Bow Saw
36:59 Heavy Plow
38:31 Gold Shaft Mining
38:32 Stone Shaft Mining
38:38 Leather Archer Armor
38:19 Bodkin Arrow
38:28 Caravan
39:02 Coinage
39:16 Hand Cart
44:28 Imperial Age
42:31 Kamandaran
43:28 Thumb Ring
43:48 Parthian Tactics
45:45 Crop Rotation
46:24 Two-Man Saw
44:57 Heavy Camel Rider
44:58 Cavalier
46:08 Heavy Cavalry Archer
47:41 Plate Barding Armor
51:17 Hoardings
51:03 Conscription
50:32 Savar
52:10 Plate Mail Armor
54:15 Onager
56:05 Ring Archer Armor
56:36 Blast Furnace
59:09 Chemistry
57:59 Guard Tower
58:22 Masonry
58:33 Ballistics
58:10 Murder Holes
58:31 Hussar
64:58 Banking
64:38 Guilds
78:17 Architecture
77:50 Elite War Elephant
Trumpie23
11:45 Feudal Age
15:24 Double-Bit Axe
17:47 Fletching
21:39 Castle Age
24:32 Crossbowman
32:16 Imperial Age
30:36 Bow Saw
31:23 Forging
32:37 Gold Mining
32:43 Stone Mining
32:42 Loom
34:04 Pikeman
35:14 Padded Archer Armor
39:12 Halberdier
40:30 Fortified Wall
40:10 Guard Tower
42:06 Horse Collar
42:57 Guard Tower
43:28 Ballistics
42:47 Light Cavalry
44:09 Elite Skirmisher
45:42 Iron Casting
45:03 Bodkin Arrow
45:14 Scale Barding Armor
53:33 Chemistry
52:15 Treadmill Crane
54:32 Keep
54:07 Arrowslits
55:53 Scale Mail Armor
56:13 Chain Barding Armor
59:09 Two-Man Saw
59:51 Greek Fire
60:12 Conscription
63:40 Onager
66:01 Leather Archer Armor
66:01 Chain Mail Armor
66:22 Plate Barding Armor
67:29 Bombard Tower
86:19 Plate Mail Armor
85:45 Bodkin Arrow
93:14 Ring Archer Armor
Anju3784
11:55 Feudal Age
13:30 Wheelbarrow
14:18 Horse Collar
14:30 Double-Bit Axe
25:08 Gold Mining
25:09 Stone Mining
28:26 Castle Age
37:43 Scale Barding Armor
37:48 Forging
40:55 Imperial Age
39:40 Caravan
40:12 Coinage
41:36 Elite War Elephant
42:22 Heavy Plow
42:38 Bow Saw
43:08 Gold Shaft Mining
56:46 Chain Barding Armor
57:05 Iron Casting
58:04 Conscription
58:09 Hand Cart
59:48 Banking
75:05 Elite Skirmisher
77:39 Thumb Ring
xgandjax38
11:36 Loom
22:29 Feudal Age
23:50 Wheelbarrow
23:05 Double-Bit Axe
24:32 Horse Collar
28:15 Town Watch
34:32 Castle Age
35:55 Hand Cart
37:27 Heavy Plow
38:10 Gold Mining
39:26 Town Patrol
44:09 Forging
44:05 Scale Barding Armor
44:01 Scale Mail Armor
44:02 Padded Archer Armor
47:18 Gold Shaft Mining
46:34 Stone Mining
48:39 Tusk Swords
53:17 Iron Casting
52:58 Chain Mail Armor
53:58 Stone Shaft Mining
54:36 Town Patrol
55:58 Fortified Wall
55:40 Heated Shot
55:56 Siphons
56:45 Crossbowman
59:39 Coinage
59:11 Caravan
66:55 Imperial Age
70:17 Elite Ballista Elephant
73:04 Banking
72:53 Double Crossbow
74:31 Blast Furnace
73:52 Chain Barding Armor
73:48 Leather Archer Armor
75:15 Fletching
75:40 Bloodlines
75:31 Husbandry
75:39 Sappers
78:52 Arson
80:58 Chemistry
88:45 Bodkin Arrow
89:03 Siege Engineers
89:09 Masonry
89:39 Hoardings
93:31 Arbalester
Connection lost

Rejoining the realm…

Still unreachable

The connection could not be restored.

Session expired

The server has moved on; the page needs a fresh start.